 Dungeon Crawl Stone Soup version 0.31-a0-659-gc5a091b79a (webtiles) character file.

Game seed: 6823426181654659840

895 Gargoyl the Chopper (level 8, -1/73 HPs)
             Began as a Gargoyle Berserker on Aug 31, 2023.
             Was a Believer of Trog.
             Slain by a black bear (3 damage)
             ... on level 5 of the Dungeon.
             The game lasted 00:03:46 (3210 turns).

Gargoyl the Chopper (Gargoyle Berserker)            Turns: 3210, Time: 00:03:46

Health: -1/73      AC: 16    Str: 20    XL:     8   Next: 6%
Magic:  8/8        EV: 11    Int:  9    God:    Trog [**....]
Gold:   222        SH:  0    Dex: 11    Spells: 7/7 levels left

rFire   . . .        a - +1 hand axe (flame)
rCold   + . .        (no shield)
rNeg    + . .        c - +1 ring mail
rPois   ∞            (no helmet)
rElec   +            d - +1 cloak
rCorr   .            k - +0 pair of gloves
SInv    .            (no boots)
Will    .....        (no amulet) Stlth
                     h - ring of protection from cold
HPRegen 0.32/turn    (no ring)
MPRegen 0.11/turn

%: no passive effects
@: berserking, very quick
A: sickness immunity, AC +5, negative energy resistance 1, electricity
resistance, torment resistance 1, petrification resistance
a: Renounce Religion, Berserk, Trog's Hand


You were on level 5 of the Dungeon.
You worshipped Trog.
Trog was pleased with you.
You visited 1 branch of the dungeon, and saw 5 of its levels.

You collected 222 gold pieces.

Inventory:

Hand Weapons
 a - a +1 hand axe of flaming (weapon)
Missiles
 e - 13 poisoned darts (quivered)
 j - 2 throwing nets
Armour
 c - a +1 ring mail (worn)
 d - a +1 cloak (worn)
 k - a +0 pair of gloves (worn)
Jewellery
 h - a ring of protection from cold (left hand)
Scrolls
 g - a scroll of poison
 n - a scroll of identify
Potions
 b - a potion of degeneration {unknown}
 f - 2 potions of mutation {unknown}
 i - 4 potions of curing
 l - a potion of heal wounds {unknown}
 m - a potion of might {unknown}


   Skills:
 + Level 5.0 Fighting
 + Level 6.1 Axes
 + Level 0.1 Throwing
 + Level 4.7 Armour
 + Level 3.3 Dodging
 + Level 1.0 Stealth


You had 7 spell levels left.
You didn't know any spells.
Your spell library was empty.

Dungeon Overview and Level Annotations

Branches:
Dungeon (5/15)
 Temple: D:4-7

Altars:
Fedhas
Vehumet

Shops:
D:1 (


Innate Abilities, Weirdness & Mutations

You are immune to sickness and miasma.
Your stone body is resilient. (AC +5)
You are immune to poison.
You resist negative energy. (rN+)
You are resistant to electric shocks. (rElec)
You are resistant to unholy torment.
You are immune to petrification.


Message History

The black bear bites you but does no damage.
The black bear claws you. The black bear misses you.
The gnoll hits you with a +0 great sword!
* * * LOW HITPOINT WARNING * * *
Unknown command.
A red film seems to cover your vision as you go berserk!
You feel yourself moving faster!
You feel mighty! The black bear bites you.
* * * LOW HITPOINT WARNING * * *
The black bear claws you.
* * * LOW HITPOINT WARNING * * *
The black bear completely misses you. The gnoll closely misses you.
You barely miss the black bear.
The black bear is lightly wounded.
You closely miss the gnoll.
The black bear bites you but does no damage.
The black bear closely misses you. x2; The gnoll barely misses you.
Unknown command.
You barely miss the black bear.
The black bear is lightly wounded.
You hit the gnoll. You burn the gnoll. The black bear barely misses you.
The black bear claws you but does no damage. x2
The gnoll hits you but does no damage.
You closely miss the black bear.
The black bear is lightly wounded.
You slash the gnoll! You burn the gnoll.
You kill the gnoll!
Trog accepts your kill.
Your Fighting skill increases to level 5!
Unknown command.
You closely miss the black bear.
The black bear is lightly wounded.
The black bear bites you but does no damage.
The black bear claws you but does no damage. x2
You closely miss the black bear.
The black bear is lightly wounded.
The black bear bites you but does no damage.
The black bear claws you.
* * * LOW HITPOINT WARNING * * *
The black bear claws you.
You die...

......#
.......
......
..... ...#
# ##..#
..### #h)#
....#####@#
#....#..#
#....##
##...#
##...##
##.....#
#......##
##......##
##......#


You could see a black bear.

Vanquished Creatures
  Sigmund (D:2)
  An ice beast (D:5)
  A black bear (D:4)
  An ogre (D:5)
  A scorpion (D:4)
  An orc priest (D:4)
  A sleepcap (D:4)
  A gnoll bouda (D:5)
  An iguana (D:5)
  Natasha (D:2)
  3 orc wizards (D:4)
  3 adders
  10 gnolls
  A worm (D:2)
  2 dart slugs
  8 orcs
  5 ball pythons
  A bat (D:1)
  6 endoplasms
  2 giant cockroaches
  4 hobgoblins
  6 jackals
  3 kobolds
  2 quokkas
  3 frilled lizards
  4 goblins
  4 rats (D:2)
77 creatures vanquished.

Notes
Turn   | Place    | Note
-------+----------+-------------------------------------------
     0 | D:1      | Gargoyl the Gargoyle Berserker began the quest for the Orb.
     0 | D:1      | Reached XP level 1. HP: 14/14 MP: 1/1
   236 | D:1      | Found Loarr's Antique Weapon Boutique.
   332 | D:1      | Reached XP level 2. HP: 19/19 MP: 2/2
   692 | D:1      | Reached skill level 3 in Axes
   816 | D:2      | Found a faded altar of an unknown god.
   856 | D:2      | Identified the +0 helmet "Doin Ubua" {Rampage rF- rN+
                  | Int+3}
   880 | D:2      | Reached XP level 3. HP: 24/24 MP: 3/3
  1194 | D:2      | Noticed Sigmund
  1208 | D:2      | Killed Sigmund
  1209 | D:2      | Reached skill level 4 in Axes
  1209 | D:2      | Reached XP level 4. HP: 24/30 MP: 4/4
  1209 | D:2      | Reached XP level 5. HP: 27/34 MP: 5/5
  1327 | D:2      | Noticed Natasha
  1337 | D:2      | Killed Natasha
  1338 | D:2      | Reached XP level 6. HP: 36/39 MP: 6/6
  1544 | D:3      | Reached ** piety under Trog
  1643 | D:3      | Found a blossoming altar of Fedhas.
  1850 | D:3      | Found a radiant altar of Vehumet.
  2128 | D:4      | Reached skill level 5 in Axes
  2450 | D:4      | Reached skill level 1 in Stealth
  2450 | D:4      | Reached XP level 7. HP: 41/44 MP: 7/7
  2860 | D:5      | Entered Level 5 of the Dungeon
  3093 | D:5      | Reached skill level 6 in Axes
  3093 | D:5      | Reached XP level 8. HP: 31/48 MP: 8/8
  3205 | D:5      | HP: 2/72 [black bear (3)]
  3209 | D:5      | Reached skill level 5 in Fighting
  3210 | D:5      | HP: 2/73 [black bear (1)]
  3210 | D:5      | Slain by a black bear

Illustrated notes

Levels and vault maps discovered:
D:1:      dpeg_arrival_three_same_balls, layout_loops_ring, serial_shops,
          nicolae_shop_real_fake_doors, serial_bayou_pond_c, dk_noncrumbling_4
D:2:      layout_basic, hellmonk_ecumenical_altar_dog_temple,
          kennysheep_cross_room, uniq_natasha, uniq_sigmund
D:3:      layout_loops_cross, fedhas_ov_isle_minmay, lemuel_tele_altar
D:4:      layout_gridville, minmay_misc_feat_pillars
D:5:      layout_cave_pods, minmay_pentangle

Skill      XL: |  1  2  3  4  5  6  7  8 |
---------------+-------------------------+-----
Axes           | 3 4 5 6 |  6.1
Fighting       | 4 5 |  5.0
Dodging        | 2 3 |  3.3
Armour         | 3 4 |  4.7
Stealth        | 1 |  1.0
Throwing       | |  0.1

Action                     |  1- 3 |  4- 6 |  7- 9 || total
---------------------------+-------+-------+-------++-------
  Melee: Hand axe          |    73 |    88 |    78 ||   239
         Punch             |     1 |       |       ||     1
  Throw: Dart              |       |       |     3 ||     3
 Invoke: Berserk           |     1 |     1 |     3 ||     5
    Use: Scroll            |     6 |     5 |     1 ||    12
 Armour: Animal skin       |    27 |       |       ||    27
         Ring mail         |    16 |    62 |    95 ||   173
  Dodge: Dodged            |    53 |    55 |    60 ||   168

Table legend: (Time is in decaauts)
 A = Elapsed time spent in this place.
 B = Non-inter-level travel time spent in this place.
 C = Inter-level travel time spent in this place.
 D = Time resting spent in this place.
 E = Time spent auto-exploring this place.
 F = Levels seen in this place.
 G = Mean time per level.
                   A        B        C        D        E       F      G
               +--------+--------+--------+--------+--------+-----+--------+
         Total |   3259 |   3144 |    115 |     47 |   2397 |   5 |  651.8 |
       Dungeon |   3259 |   3144 |    115 |     47 |   2397 |   5 |  651.8 |
               +--------+--------+--------+--------+--------+-----+--------+

Top non-repeatable levels by time:
     D:1: 801 daAuts
     D:4: 755 daAuts
     D:2: 685 daAuts
     D:3: 650 daAuts
     D:5: 368 daAuts
